 Dungeon Crawl Stone Soup version 0.21.1-1-g345015f (webtiles) character file.

816 tidbits the Insei (level 7, 0/53 HPs)
             Began as a Gnoll Transmuter on Feb 14, 2018.
             Shot with an arrow by a centaur (17 damage)
             ... on level 5 of the Dungeon.
             The game lasted 00:11:45 (899 turns).

tidbits the Insei (Gnoll Transmuter)                 Turns: 899, Time: 00:11:46

Health: 0/53       AC:  2    Str: 12    XL:     7   Next: 94%
Magic:  13/15      EV: 24    Int: 18    God:
Gold:   164        SH:  0    Dex: 20    Spells: 11/17 levels left

rFire    . . .     SeeInvis .     - Unarmed
rCold    . . .     Gourm    .   (shield currently unavailable)
rNeg     . . .     Faith    .   (armour currently unavailable)
rPois    x         Spirit   .   (helmet currently unavailable)
rElec    .         Reflect  .   (cloak currently unavailable)
rCorr    .         Harm     .   (gloves currently unavailable)
MR       .....                  (boots currently unavailable)
Stlth    +++.......             h - amulet of rage
HPRegen  0.17/turn              (no ring)
MPRegen  0.14/turn              (no ring)

@: spider-form (expiring), very slightly contaminated
A: tiny, distributed training, strong nose
a: End Transformation, Evoke Berserk Rage


You were on level 5 of the Dungeon.
You were not hungry.
You were a venomous arachnid creature.
You visited 1 branch of the dungeon, and saw 5 of its levels.
You also visited: Sewer.

You collected 164 gold pieces.

Inventory:

Hand Weapons
 f - a +0 dagger
 g - a +0 short sword
 i - a +0 war axe
 m - a +0 longbow
 s - the +1 trident of Conscience {protect, rElec Int+7 SInv Stlth-}
   (You found it on level 5 of the Dungeon)

   It protects the one who uses it against injury (+AC on strike).
   It affects your intelligence (+7).
   It insulates you from electricity.
   It lets you see invisible.
   It makes you less stealthy.
 u - a +0 broad axe
Missiles
 o - 22 stones (quivered)
Armour
 b - a +0 robe (melded)
 G - a +0 pair of gloves (melded)
Jewellery
 h - an amulet of rage (around neck)
   (You found it on level 3 of the Dungeon)
Scrolls
 k - 2 scrolls of teleportation
 p - a scroll of blinking {unknown}
Potions
 e - a potion of flight
 j - a potion of might
 q - a potion of magic
 r - a potion of curing
Books
 d - a book of Changes

   Spells                             Type                      Level
   a - Beastly Appendage              Transmutation                1
   b - Sticks to Snakes               Transmutation                2
   c - Spider Form                    Transmutation/Poison         3
   d - Ice Form                       Ice/Transmutation            4
   e - Blade Hands                    Transmutation                5
Comestibles
 c - 4 rations
 n - 2 chunks of flesh


   Skills:
 + Level 3.8 Fighting
 + Level 2.7 Short Blades
 + Level 2.7 Long Blades
 + Level 2.7 Axes
 + Level 2.7 Maces & Flails
 + Level 2.7 Polearms
 + Level 2.7 Staves
 + Level 2.7 Slings
 + Level 2.7 Bows
 + Level 2.7 Crossbows
 + Level 2.7 Throwing
 + Level 2.7 Armour
 + Level 5.4 Dodging
 + Level 2.7 Stealth
 + Level 2.7 Shields
 + Level 7.1 Unarmed Combat
 + Level 5.7 Spellcasting
 + Level 2.2 Conjurations
 + Level 2.2 Hexes
 + Level 2.2 Charms
 + Level 2.2 Summonings
 + Level 2.2 Necromancy
 + Level 2.2 Translocations
 + Level 4.4 Transmutations
 + Level 2.2 Fire Magic
 + Level 2.2 Ice Magic
 + Level 2.2 Air Magic
 + Level 2.2 Earth Magic
 + Level 2.2 Poison Magic
 + Level 3.0 Invocations
 + Level 2.7 Evocations


You had 11 spell levels left.
You knew the following spells:

 Your Spells              Type           Power        Failure   Level  Hunger
e - Beastly Appendage     Tmut           ###...       8%          1    None
k - Sticks to Snakes      Tmut           ###.....     11%         2    None
p - Spider Form           Tmut/Pois      ###.......   24%         3    ##.....


Dungeon Overview and Level Annotations

Branches:
Dungeon (5/15)             Temple (0/1) D:5

Altars:

Annotations:
D:4 Quirk's ghost, amateur GnFi


Innate Abilities, Weirdness & Mutations

Your experience applies equally to all skills.
((You have very sharp teeth.))
Your uncanny sense of smell can sniff out nearby items.


Message History

The goblin completely misses you. The phantom hits you!
* * * LOW HITPOINT WARNING * * *
A goblin comes into view. It is wielding a dagger.
You feel better. The goblin hits you but does no damage.
The phantom completely misses you.
A goblin comes into view. It is wielding a dagger.
The goblin moves out of view.
The phantom hits you.
* * * LOW HITPOINT WARNING * * *
The phantom blinks!
There is an open door here.
Unknown command.
You fade into invisibility!
You are very lightly contaminated with residual magic.
Unknown command.
Casting: Spider Form
Confirm with . or Enter, or press ? or * to list all spells.
You don't have anything to turn into a snake.
You hit the phantom.
The phantom is severely damaged.
The phantom misses you. The goblin completely misses you.
You bite the phantom!
The phantom is almost destroyed.
The phantom hits you.
* * * LOW HITPOINT WARNING * * *
You barely miss the phantom.
The phantom is almost destroyed.
You hit the phantom but do no damage.
The phantom is almost destroyed.
The phantom completely misses you.
You bite the phantom!
You destroy the phantom!
Your Invocations skill increases to level 3!
The goblin closely misses you.
You catch the helpless goblin completely off-guard!
You hit the goblin.
The goblin is poisoned.
The goblin is severely wounded.
The goblin completely misses you.
You barely miss the goblin.
The goblin is severely wounded.
Your transformation is almost over.
You kill the goblin!
Items here: $ ) [ † a spear; a leather armour; 13 gold pieces; a goblin corpse You now have 164 gold pieces (gained 13).
You feel better.
A goblin comes into view. It is wielding a dagger.
The goblin hits you with a dagger.
* * * LOW HITPOINT WARNING * * *
Unknown command.
You barely miss the goblin.
The goblin shouts!
You hear a shout! x7
The goblin shouts!
You hit the goblin.
You kill the goblin!
You hear a shout!
A goblin comes into view.
A kobold and an orc come into view.
You flicker for a moment.
The kobold moves out of view.
The goblin closely misses you.
There is an open door here.
Things that are here:
a dagger; a hobgoblin corpse You bite the goblin!
You kill the goblin!
Your transformation has ended.
Your +0 pair of gloves unmelds from your body.
Your +0 robe unmelds from your body.
Casting: Sticks to Snakes
Confirm with . or Enter, or press ? or * to list all spells.
You turn into a venomous arachnid creature.
Your +0 pair of gloves melds into your body.
Your +0 robe melds into your body.
Things that are here:
a dagger; a spear; a gnoll corpse Unknown command.
You catch the helpless orc completely off-guard!
You hit the orc.
The orc is heavily wounded.
Your transformation is almost over.
You flicker back into view.
You barely miss the goblin. The goblin completely misses you.
A centaur comes into view.
The centaur shouts!
You hit the goblin.
The goblin is severely wounded.
The goblin misses you. The orc hits you.
* * * LOW HITPOINT WARNING * * *
A hobgoblin comes into view. It is wielding a club.
The hobgoblin shouts!
You hit the goblin.
You kill the goblin!
The centaur wields a glowing shortbow.
The centaur shoots an arrow.
The arrow misses you. The orc misses you.
The centaur shoots an arrow.
The arrow closely misses you. 2 kobolds come into view.
You see here an arrow.
An orc comes into view. It is wielding a club.
The orc shouts!
The kobold shouts!
You hear a shout!
The centaur shoots an arrow.
The arrow hits you!
You die...

* *,,*****,,**'*,,******** *
*,,*,,,*'##.,,,,,,,*,,*, *
*,,*,,,'...,,*****,*,,*,
**********,,****#..#*+*,,,*,**'**
,,,,,,,,,,,,,*,,#..#,,*,,,*,,',,*
,⌠,>,*,***#.,*,,'o.*,,*,∆,',,*,,*
,,,*,,,,,.#..####K####*****,*****
****,,,,,.....'...#..#,,,*,,*,,*,
* **,,,,,,,,,,#.sK'..#,,,*,,+,∆#.
***,,**,,,,,**#'#.######'#.##*##.
,******,,,,,+.[.#.Ko.).g...'.,#..
,,* *,,*,,#...#..#)##....#.,*..
,,** **,,**,######'#..#######'*#.
,,,* *,,***,,,,,,.c#.)').#..#,,#.
,,,***,,* *,,*∆,...#..#).'..#,,#.
,,>,**,,* *,,',.c..####)##..####.
,,,,**,,* *,,*#''###....)####....


You could see a centaur, 2 orcs and 3 kobolds.

Vanquished Creatures
  Duvessa (D:5)
  Purgy (Sewer)
  A phantom (D:5)
  A sky beast (D:5)
  A centaur (D:4)
  Dowan (D:5)
  2 crimson imps (D:5)
  A hound (D:5)
  An iguana (D:5)
  2 worker ants
  A hound skeleton (D:5)
  A gnoll (D:5)
  3 adders
  A shadow imp (D:5)
  An ooze (D:2)
  3 worms
  2 dart slugs
  A leopard gecko (D:3)
  6 orcs
  11 goblins
  9 hobgoblins
  2 jackals (D:5)
  A quokka (D:2)
  A ball python (Sewer)
  3 bats (D:3)
  3 frilled lizards
  4 kobolds (D:2)
  A leopard gecko skeleton (D:5)
  4 rats
70 creatures vanquished.

Vanquished Creatures (collateral kills)
  A howler monkey (D:5)
  A river rat (D:3)
  A worm (D:2)
  2 orcs (D:3)
  2 jackals (D:5)
  A bat (D:2)
  A frilled lizard (Sewer)
  A rat (D:2)
10 creatures vanquished.

Grand Total: 80 creatures vanquished

Notes
Turn   | Place    | Note
-------+----------+-------------------------------------------
     0 | D:1      | tidbits the Gnoll Transmuter began the quest for the Orb.
     0 | D:1      | Reached XP level 1. HP: 17/17 MP: 6/6
    24 | D:2      | Reached XP level 2. HP: 23/23 MP: 7/7
    29 | D:2      | Learned a level 2 spell: Sticks to Snakes
    88 | D:2      | Reached XP level 3. HP: 20/28 MP: 6/9
    98 | D:2      | Learned a level 3 spell: Spider Form
   106 | D:2      | Reached skill level 5 in Spellcasting
   179 | D:3      | Reached skill level 1 in Invocations
   271 | D:4      | Noticed a centaur
   276 | D:4      | Killed a centaur
   276 | D:4      | Reached skill level 1 in Short Blades
   276 | D:4      | Reached skill level 1 in Long Blades
   276 | D:4      | Reached skill level 1 in Axes
   276 | D:4      | Reached skill level 1 in Maces & Flails
   276 | D:4      | Reached skill level 1 in Polearms
   276 | D:4      | Reached skill level 1 in Staves
   276 | D:4      | Reached skill level 1 in Slings
   276 | D:4      | Reached skill level 1 in Bows
   276 | D:4      | Reached skill level 1 in Crossbows
   276 | D:4      | Reached skill level 1 in Throwing
   276 | D:4      | Reached skill level 1 in Armour
   276 | D:4      | Reached skill level 1 in Stealth
   276 | D:4      | Reached skill level 1 in Shields
   276 | D:4      | Reached skill level 1 in Conjurations
   276 | D:4      | Reached skill level 1 in Hexes
   276 | D:4      | Reached skill level 1 in Charms
   276 | D:4      | Reached skill level 1 in Summonings
   276 | D:4      | Reached skill level 1 in Necromancy
   276 | D:4      | Reached skill level 1 in Translocations
   276 | D:4      | Reached skill level 1 in Fire Magic
   276 | D:4      | Reached skill level 1 in Ice Magic
   276 | D:4      | Reached skill level 1 in Air Magic
   276 | D:4      | Reached skill level 1 in Earth Magic
   276 | D:4      | Reached skill level 1 in Poison Magic
   276 | D:4      | Reached skill level 1 in Evocations
   276 | D:4      | Reached XP level 4. HP: 34/34 MP: 7/11
   276 | D:4      | Reached XP level 5. HP: 40/40 MP: 7/12
   416 | D:3      | Reached skill level 3 in Fighting
   452 | D:3      | Reached skill level 4 in Transmutations
   472 | D:3      | Found a glowing drain.
   486 | D:3      | HP: 4/41 [poisoned by a worker ant]
   493 | D:3      | HP: 3/41 [poisoned by a worker ant]
   497 | Sewer    | Entered a sewer
   542 | Sewer    | Noticed Purgy
   552 | Sewer    | Killed Purgy
   552 | Sewer    | Reached skill level 5 in Dodging
   552 | Sewer    | Reached skill level 2 in Invocations
   552 | Sewer    | Reached XP level 6. HP: 21/47 MP: 2/14
   605 | D:5      | Entered Level 5 of the Dungeon
   611 | D:5      | Reached skill level 2 in Short Blades
   611 | D:5      | Reached skill level 2 in Long Blades
   611 | D:5      | Reached skill level 2 in Axes
   611 | D:5      | Reached skill level 2 in Maces & Flails
   611 | D:5      | Reached skill level 2 in Polearms
   611 | D:5      | Reached skill level 2 in Staves
   611 | D:5      | Reached skill level 2 in Slings
   611 | D:5      | Reached skill level 2 in Bows
   611 | D:5      | Reached skill level 2 in Crossbows
   611 | D:5      | Reached skill level 2 in Throwing
   611 | D:5      | Reached skill level 2 in Armour
   611 | D:5      | Reached skill level 2 in Stealth
   611 | D:5      | Reached skill level 2 in Shields
   611 | D:5      | Reached skill level 2 in Evocations
   615 | D:5      | Got a crystal trident
   634 | D:5      | Identified the +1 trident of Conscience {protect, rElec Int+7 SInv Stlth-} (You found it on level 5 of the Dungeon)
   751 | D:5      | Reached XP level 7. HP: 44/52 MP: 11/15
   764 | D:5      | Reached skill level 7 in Unarmed Combat
   785 | D:4      | Noticed Quirk's ghost (amateur GnFi)
   805 | D:5      | Noticed Duvessa
   819 | D:5      | Killed Duvessa
   819 | D:5      | Reached skill level 2 in Conjurations
   819 | D:5      | Reached skill level 2 in Hexes
   819 | D:5      | Reached skill level 2 in Charms
   819 | D:5      | Reached skill level 2 in Summonings
   819 | D:5      | Reached skill level 2 in Necromancy
   819 | D:5      | Reached skill level 2 in Translocations
   819 | D:5      | Reached skill level 2 in Fire Magic
   819 | D:5      | Reached skill level 2 in Ice Magic
   819 | D:5      | Reached skill level 2 in Air Magic
   819 | D:5      | Reached skill level 2 in Earth Magic
   819 | D:5      | Reached skill level 2 in Poison Magic
   825 | D:5      | Noticed Dowan
   830 | D:5      | Killed Dowan
   878 | D:5      | Reached skill level 3 in Invocations
   899 | D:5      | Shot with an arrow by a centaur

Skill      XL: |  1  2  3  4  5  6  7 |
---------------+----------------------+-----
Spellcasting   | 5 |  5.7
Invocations    | 1 2 3 |  3.0
Short Blades   | 1 2 |  2.7
Long Blades    | 1 2 |  2.7
Axes           | 1 2 |  2.7
Maces & Flails | 1 2 |  2.7
Polearms       | 1 2 |  2.7
Staves         | 1 2 |  2.7
Slings         | 1 2 |  2.7
Bows           | 1 2 |  2.7
Crossbows      | 1 2 |  2.7
Throwing       | 1 2 |  2.7
Armour         | 1 2 |  2.7
Stealth        | 1 2 |  2.7
Shields        | 1 2 |  2.7
Conjurations   | 1 2 |  2.2
Hexes          | 1 2 |  2.2
Charms         | 1 2 |  2.2
Summonings     | 1 2 |  2.2
Necromancy     | 1 2 |  2.2
Translocations | 1 2 |  2.2
Fire Magic     | 1 2 |  2.2
Ice Magic      | 1 2 |  2.2
Air Magic      | 1 2 |  2.2
Earth Magic    | 1 2 |  2.2
Poison Magic   | 1 2 |  2.2
Evocations     | 1 2 |  2.7
Fighting       | 3 |  3.8
Transmutations | 4 |  4.4
Dodging        | 5 |  5.4
Unarmed Combat | 7 |  7.1

Action                   |  1- 3 |  4- 6 |  7- 9 || total
-------------------------+-------+-------+-------++-------
Melee: Unarmed           |    57 |    51 |    51 ||   159
       Headbutt          |     6 |       |       ||     6
       Kick              |    10 |       |       ||    10
       Bite              |     3 |       |       ||     3
       Punch             |     1 |       |     1 ||     2
       Trident           |       |    14 |    16 ||    30
 Cast: Beastly Appendage |     9 |       |       ||     9
       Sticks to Snakes  |     5 |    13 |     2 ||    20
       Spider Form       |     1 |     8 |     3 ||    12
 Abil: Evoke Berserk Rag |       |     1 |       ||     1
  Use: Scroll            |       |     6 |       ||     6
       Potion            |       |     5 |     4 ||     9
 Stab: Distracted        |     1 |     1 |       ||     2
       Sleeping          |     1 |       |       ||     1
       Invisible         |       |     2 |     2 ||     4
  Eat: Chunk             |       |       |     2 ||     2
Armor: Robe              |     2 |     4 |     1 ||     7
       Skin              |       |     2 |    11 ||    13
Dodge: Dodged            |    25 |    73 |    39 ||   137

Table legend:
 A = Turns spent in this place as a percentage of turns spent in the entire game.
 B = Non-inter-level travel turns spent in this place as a percentage of non-inter-level travel turns spent in the entire game.
 C = Inter-level travel turns spent in this place as a percentage of turns spent in this place.
 D = Turns resting spent in this place as a percentage of non-inter-level travel turns spent in this place.
 E = Turns spent auto-exploring this place as a percentage of non-inter-level travel turns spent in this place.
 F = Non-inter-level travel turns spent in this place divided by the number of levels of this place that you've seen.
                   A       B       C       D       E      F
               +-------+-------+-------+-------+-------+----------------------
         Total | 100.0 | 100.0 |   0.0 |   0.0 |   0.0 | 149.8
       Dungeon |  91.1 |  91.1 |   0.0 |   0.0 |   0.0 | 163.8
         Sewer |   8.9 |   8.9 |   0.0 |   0.0 |   0.0 |  80.0
               +-------+-------+-------+-------+-------+----------------------

Table legend:
 A = Kills in this place as a percentage of kills in entire the game.
 B = Kills by you in this place as a percentage of kills by you in the entire game.
 C = Kills by friends in this place as a percentage of kills by friends in the entire game.
 D = Other kills in this place as a percentage of other kills in the entire game.
 E = Experience gained in this place as a percentage of experience gained in the entire game.
 F = Experience gained in this place divided by the number of levels of this place that you have seen.
                   A       B       C       D       E      F
               +-------+-------+-------+-------+-------+----------------------
         Total | 100.0 | 100.0 | 100.0 |   N/A | 100.0 | 194.5
       Dungeon |  93.8 |  94.3 |  90.0 |   N/A |  87.9 | 205.2
         Sewer |   6.2 |   5.7 |  10.0 |   N/A |  12.1 | 141.0
               +-------+-------+-------+-------+-------+----------------------

Vault maps used:
D:1:      dpeg_arrival_pond, minmay_tall_x
D:2:      nicolae_qazlal_eye_of_the_storm, lemuel_zombie_altar_kikubaaqudgha
D:3:      cheibrodos_sewer_entry_sluice, first_ration,
          minmay_misc_feat_nine_boxes
D:5:      corexii_shantytown, minmay_temple_entry_junction, uniq_duvessa
Sewer:    sewer_co_purgy_island
